Map: Ruins of Seras

Players

Federkick

  • Race: Terran Terran
  • League: Gold

Blubbel

  • Race: Terran Terran
  • League: Silver

TackleBerry

  • Race: Terran Terran
  • League: Gold

zod

  • Race: Terran Terran
  • League: Silver

VOD

Have the link to the VOD?

Description

Time

  • Played on: Jan. 6, 2016, 1:46 p.m.
  • Length: 10:03
Show
View Real Time Build Order
Export as new Build Order

Federkick Terran 

Build Orders: MMM Bio 

Get SALT Encoding   

  12  0:00  SCV  
  13  0:13  SCV  
  14  0:18  Supply Depot  
  14  0:25  SCV  
  15  0:39  SCV  
  16  0:43  Barracks  
  16  0:48  Refinery  
  16  0:52  SCV  
  17  1:04  SCV  
  18  1:07  Barracks  
  18  1:16  SCV  
  19  1:27  Supply Depot  
  19  1:28  SCV  
  20  1:33  Reaper  
  21  1:44  Orbital Command  
  21  1:54  Reaper  
  22  2:12  SCV  
  23  2:24  Command Center, SCV  
  24  2:45  Barracks Reactor, Barracks Tech Lab  
  24  2:53  SCV  
  24  2:55  Refinery  
  25  3:05  SCV, Factory  
  26  3:18  SCV  
  27  3:30  SCV  
  27  3:32  Marauder  
  27  3:34  Marine  
  31  3:36  Marine  
  32  3:41  SCV  
  32  3:42  SCV  
  32  3:44  Command Center  
  32  3:48  Refinery  
  34  3:53  SCV, Starport, Marauder  
  34  3:55  Factory Tech Lab  
  37  3:58  Marine  
  37  4:02  Stimpack  
  38  4:04  SCV  
  39  4:11  Orbital Command  
  39  4:23  Engineering Bay  
  39  4:25  SCV  
  39  4:28  Marine  
  41  4:33  Medivac  
  41  4:37  SCV  
  43  4:40  Siege Tank  
  46  4:54  Supply Depot  
  46  4:55  SCV x2  
  46  4:56  Supply Depot  
  48  5:07  Planetary Fortress  
  48  5:08  SCV x2  
  50  5:18  Supply Depot  
  50  5:21  SCV x2  
  51  5:33  SCV x2  
  51  5:34  Marauder  
  55  5:36  Marine  
  55  5:37  Marine  
  55  5:40  Starport Reactor  
  57  5:45  Terran Infantry Weapons Level 1, SCV x2  
  57  5:47  SCV  
  60  5:52  Refinery  
  60  5:55  Marauder  
  60  5:56  Refinery  
  62  5:57  SCV  
  62  5:59  SCV, Marine  
  62  6:00  Marine  
  66  6:10  Barracks  
  66  6:11  Barracks  
  66  6:13  SCV x2  
  66  6:14  SCV, Barracks  
  66  6:16  Marauder  
  66  6:17  Marine  
  66  6:18  Concussive Shells  
  72  6:22  Marine  
  73  6:25  SCV  
  73  6:31  Siege Tank, Refinery, SCV  
  73  6:32  SCV  
  79  6:37  SCV  
  79  6:38  Marauder  
  81  7:00  Barracks, Marauder  
  81  7:01  Combat Shields  
  82  7:03  Barracks Tech Lab x2  
  82  7:05  Barracks Reactor  
  79  7:17  Medivac x2  
  79  7:22  Marauder  
  85  7:24  Supply Depot  
  85  7:26  Supply Depot  
  85  7:27  Supply Depot  
  85  7:31  Supply Depot x2  
  85  7:35  Engineering Bay  
  85  7:43  Supply Depot x2  
  85  7:44  Supply Depot  
  85  7:45  Supply Depot, Marine x4  
  85  7:46  Supply Depot, Marauder x2  
  85  7:47  Siege Tank, Medivac  
  85  7:48  Marauder  
  85  7:50  Supply Depot  
  100  7:52  Liberator  
  100  8:00  Starport  
  100  8:02  Starport  
  100  8:07  Marauder  
  100  8:10  SCV x2  
  100  8:11  SCV  
  105  8:19  Siege Tank  
  105  8:22  SCV  
  105  8:23  SCV x2  
  105  8:24  Armory  
  106  8:32  Sensor Tower  
  106  8:34  SCV  
  106  8:35  SCV x2  
  109  8:47  SCV x3  
  112  8:51  Siege Tank  
  115  8:58  Marine x4, Marauder x3  
  115  8:59  Marine  
  126  9:03  Command Center  
  126  9:04  Starport Reactor  
  126  9:12  Starport Tech Lab  
  126  9:16  Marine x2  
  128  9:19  Marauder  
  130  9:36  Marine x2, Marauder x2  
  130  9:37  Marine x3  
  139  9:41  Marauder  
  139  9:42  SCV x3  
Show
View Real Time Build Order
Export as new Build Order

Blubbel Terran 

Build Orders:  

Get SALT Encoding   

  12  0:01  SCV  
  13  0:13  SCV  
  14  0:22  Supply Depot  
  14  0:25  SCV  
  15  0:43  SCV  
  15  0:47  Barracks  
  16  0:55  SCV  
  17  0:59  Supply Depot  
  17  1:07  SCV  
  18  1:19  SCV  
  19  1:32  SCV  
  20  1:34  Command Center  
  20  1:41  Refinery  
  20  1:46  Marine  
  21  1:52  Orbital Command  
  21  2:17  Marine  
  21  2:22  Refinery  
  22  2:35  Command Center  
  22  2:42  Marine  
  23  2:46  SCV  
  23  2:48  SCV  
  24  2:58  SCV  
  24  3:00  Reaper  
  26  3:06  Barracks  
  26  3:09  SCV  
  26  3:10  SCV  
  28  3:34  Marine  
  27  3:43  SCV  
  27  3:47  SCV  
  30  3:55  SCV  
  30  3:59  Refinery  
  30  4:00  SCV  
  31  4:03  Reaper  
  31  4:04  Reaper  
  31  4:06  SCV  
  31  4:07  SCV  
  35  4:12  SCV  
  35  4:16  Factory  
  34  4:18  SCV  
  34  4:19  SCV  
  35  4:24  SCV  
  35  4:30  SCV  
  36  4:32  SCV  
  36  4:36  SCV  
  37  4:44  SCV  
  38  4:48  SCV  
  38  4:51  Barracks Tech Lab  
  39  4:54  Barracks Reactor  
  39  5:03  Factory Tech Lab  
  39  5:06  Starport  
  39  5:08  SCV  
  39  5:10  Engineering Bay, Orbital Command  
  39  5:12  Orbital Command  
  40  5:16  Refinery  
  40  5:18  Refinery  
  40  5:29  SCV, Refinery, Widow Mine  
  40  5:35  Stimpack  
  43  5:36  SCV  
  43  5:40  SCV  
  43  5:41  SCV  
  46  5:43  Terran Infantry Weapons Level 1  
  46  5:48  SCV  
  46  5:49  Medivac  
  49  5:57  SCV  
  49  5:59  Siege Tank  
  49  6:00  SCV  
  54  6:09  SCV x2  
  56  6:12  SCV  
  56  6:18  Marine x2  
  57  6:19  Marauder  
  57  6:21  SCV  
  57  6:25  Starport Tech Lab  
  61  6:27  Supply Depot  
  61  6:29  Supply Depot  
  61  6:31  Missile Turret  
  61  6:32  SCV  
  61  6:36  Marine  
  61  6:38  Marine  
  60  6:42  Marauder  
  61  6:49  Siege Tank  
  59  6:56  Liberator  
  56  7:03  Marauder  
  58  7:08  Orbital Command  
  58  7:11  Marine x2  
  61  7:22  Starport  
  61  7:23  Starport  
  61  7:24  Marauder  
  61  7:29  SCV  
  64  7:31  SCV  
  64  7:34  SCV  
  64  7:35  Concussive Shells  
  66  7:39  Liberator  
  66  7:40  Terran Infantry Armor Level 1, Marine x2  
  66  7:41  SCV  
  66  7:43  SCV  
  70  7:45  Marine  
  70  7:46  SCV  
  70  7:53  SCV  
  70  7:55  SCV  
  70  7:58  SCV, Marine x2  
  72  8:04  Marauder  
  74  8:06  SCV  
  74  8:10  SCV  
  74  8:16  Marine  
  75  8:23  SCV  
  76  8:30  Refinery  
  76  8:33  Supply Depot  
  76  8:35  Supply Depot x2, SCV  
  76  8:36  Supply Depot  
  76  8:39  Liberator  
  76  8:41  Supply Depot  
  77  8:43  Missile Turret  
  77  8:54  Widow Mine  
  77  8:55  SCV, Marauder  
  85  9:05  Missile Turret, Marine x2  
  85  9:07  SCV  
  85  9:08  Supply Depot  
  85  9:09  Fusion Core  
  88  9:13  Barracks  
  88  9:17  Starport, Marauder  
  90  9:18  Barracks  
  90  9:23  Widow Mine, Starport Tech Lab, Marine x2  
  94  9:27  Missile Turret  
  94  9:28  Starport Tech Lab  
  75  9:37  Marine  
  58  9:41  Marine x2  
  59  9:52  Missile Turret  
Show
View Real Time Build Order
Export as new Build Order

TackleBerry Terran 

Build Orders:  

Get SALT Encoding   

Show
View Real Time Build Order
Export as new Build Order

zod Terran 

Build Orders:  

Get SALT Encoding   

Tags
 
Add a new tag
Caveats
  • Supply blocks, unpowered buildings, or Contaminate may cause inaccurate times.
  • Supply counts are checked every 10 seconds.